 Dungeon Crawl Stone Soup version 0.30-a0-358-g0d69a1922f (webtiles) character file.

Game seed: 4099108972339533399

25 billz999 the Sneak (level 2, -4/19 HPs)
             Began as a Vampire Earth Elementalist on Nov 10, 2022.
             Slain by a hobgoblin
             ... wielding a +0 war axe
              (5 damage)
             ... on level 2 of the Dungeon.
             The game lasted 00:01:30 (371 turns).

billz999 the Sneak (Vampire Earth Elementalist)      Turns: 371, Time: 00:01:31

Health: -4/19      AC:  2    Str:  7    XL:     2   Next: 82%
Magic:  0/5        EV: 12    Int: 17    God:
Gold:   5          SH:  0    Dex: 14    Spells: 4/5 levels left

rFire   . . .      SeeInvis +    e - +0 dagger
rCold   . . .      Faith    .    (no shield)
rNeg    . . .      Spirit   .    a - +0 robe
rPois   .          Reflect  .    (no helmet)
rElec   .          Harm     .    (no cloak)
rCorr   .          Rampage  .    (no gloves)
Will    .....                    (no boots)
Stlth   +++.......               (no amulet)
HPRegen 0.43/turn                (no ring)
MPRegen 0.09/turn                (no ring)

@: healing quickly
A: alive, fangs 3, see invisible, vampiric 1
a: Exsanguinate


You were on level 2 of the Dungeon.
You visited 1 branch of the dungeon, and saw 2 of its levels.

You collected 5 gold pieces.

Inventory:

Hand Weapons
 e - a +0 dagger (weapon)
 f - a +3 whip
Armour
 a - a +0 robe (worn)
Scrolls
 c - a scroll of butterflies {unknown}
 d - a scroll of enchant weapon {unknown}
 g - a scroll of amnesia {unknown}
Potions
 b - a potion of magic


   Skills:
 - Level 2.1 Dodging
 * Level 4.7 Stealth
 - Level 2.0 Spellcasting
 + Level 2.0 Transmutations
 - Level 3.0 Earth Magic


You had 4 spell levels left.
You knew the following spells:

 Your Spells              Type           Power      Damage    Failure   Level
a - Sandblast             Erth           22%        2d7       5%          1

Your spell library contained the following spells:

 Spells                   Type           Power      Damage    Failure   Level
 Passwall                 Tmut/Erth      8%         N/A       11%         2
 Stone Arrow              Conj/Erth      12%        3d7       30%         3
 Petrify                  Tmut/Erth      10%        N/A       56%         4


Dungeon Overview and Level Annotations

Branches:
Dungeon (1/15)

Altars:


Innate Abilities, Weirdness & Mutations

Your natural rate of healing is accelerated.
You have razor-sharp teeth.
You have supernaturally acute eyesight. (SInv)
You are afflicted with vampirism.


Message History

Press: ? - help, Shift-Dir - straight line, f/p - hobgoblin
Aim: a hobgoblin, wielding a +0 war axe, wearing a +0 ring mail and wearing a +4 ring of protection (84% to hit)
The blast of sand hits the hobgoblin but does no damage.
The hobgoblin hits you with a +0 war axe.
Unknown command.
Casting: Sandblast (safe; 5% risk of failure)
Confirm with . or Enter, or press ? or * to list all spells.
Aiming: Sandblast (safe; 5% risk of failure)
Press: ? - help, Shift-Dir - straight line, f/p - hobgoblin
Aim: a hobgoblin, wielding a +0 war axe, wearing a +0 ring mail and wearing a +4 ring of protection (84% to hit)
The blast of sand misses the hobgoblin.
The hobgoblin hits you with a +0 war axe!
Ouch! That really hurt!
* * * LOW HITPOINT WARNING * * *
A hobgoblin comes into view.
The hobgoblin closely misses you.
Casting: Sandblast (safe; 5% risk of failure)
Confirm with . or Enter, or press ? or * to list all spells.
Aiming: Sandblast (safe; 5% risk of failure)
Press: ? - help, Shift-Dir - straight line, f/p - hobgoblin
Aim: a hobgoblin, wielding a +0 war axe, wearing a +0 ring mail and wearing a +4 ring of protection (84% to hit)
The blast of sand hits the hobgoblin but does no damage.
The hobgoblin misses you.
Unknown command.
The hobgoblin attacks as you move away! The hobgoblin barely misses you.
The hobgoblin attacks as you move away! The hobgoblin barely misses you.
The hobgoblin attacks as you move away!
The hobgoblin hits you with a +0 war axe.
Casting: Sandblast (safe; 5% risk of failure)
Confirm with . or Enter, or press ? or * to list all spells.
Aiming: Sandblast (safe; 5% risk of failure)
Press: ? - help, Shift-Dir - straight line, f/p - hobgoblin
Aim: a hobgoblin, wielding a +0 war axe, wearing a +0 ring mail and wearing a +4 ring of protection (84% to hit)
The blast of sand hits the hobgoblin but does no damage.
The hobgoblin barely misses you.
The hobgoblin hits you with a +0 war axe!
* * * LOW HITPOINT WARNING * * *
The hobgoblin attacks as you move away!
The hobgoblin hits you with a +0 war axe.
You die...

##### #..<. ....## ..
....##### .. #......#
#. # #......#######..#
#(........g..##.#####
#........@g..........
###.###.######.###.###
#...)##.#
#.......#####$
#....##.#
######........
#....##.. ######†##
#....###. .†.# #....#
#. ...## #....# .
##..# #....## . $..#


You could see 2 hobgoblins.

Vanquished Creatures
  An adder (D:2)
  A ball python (D:2)
  A bat (D:1)
  An endoplasm (D:2)
  2 hobgoblins (D:2)
  2 kobolds
  A quokka (D:2)
  5 frilled lizards
  A goblin (D:2)
  A rat (D:1)
16 creatures vanquished.

Notes
Turn   | Place    | Note
-------+----------+-------------------------------------------
     0 | D:1      | billz999 the Vampire Earth Elementalist began the quest for
                  | the Orb.
     0 | D:1      | Reached XP level 1. HP: 13/13 MP: 3/3
   131 | D:1      | You fall into a shaft and drop 1 floor!
   157 | D:2      | Reached XP level 2. HP: 19/19 MP: 3/5
   158 | D:2      | Reached skill level 4 in Stealth
   371 | D:2      | Slain by a hobgoblin

Illustrated notes

Levels and vault maps discovered:
D:1:      wheals_arrival_shading, layout_rooms
D:2:      layout_rooms, hellmonk_ecumenical_altar_crossroads, serial_shops,
          shop_statue, dk_noncrumbling_2

Skill      XL: |  1  2 |
---------------+-------+-----
Stealth        | 4 |  4.7
Transmutations | 2 |  2.0
Dodging        | |  2.1
Spellcasting   | |  2.0
Earth Magic    | |  3.0

Action                   || total
-------------------------++-------
Melee: Unarmed           ||    12
       Dagger            ||     4
       Bite              ||     3
 Cast: Sandblast         ||    24
 Stab: Sleeping          ||     2
Armor: Robe              ||     6
Dodge: Dodged            ||    27

Table legend: (Time is in decaauts)
 A = Elapsed time spent in this place.
 B = Non-inter-level travel time spent in this place.
 C = Inter-level travel time spent in this place.
 D = Time resting spent in this place.
 E = Time spent auto-exploring this place.
 F = Levels seen in this place.
 G = Mean time per level.
                   A        B        C        D        E       F      G
               +--------+--------+--------+--------+--------+-----+--------+
         Total |    382 |    379 |      3 |      0 |    247 |   2 |  191.0 |
       Dungeon |    382 |    379 |      3 |      0 |    247 |   2 |  191.0 |
               +--------+--------+--------+--------+--------+-----+--------+

Top non-repeatable levels by time:
     D:2: 248 daAuts
     D:1: 133 daAuts
